 Dungeon Crawl Stone Soup version 0.30-a0-930-gb9d0489357 (webtiles) character file.

Game seed: 8507877657267517598

546 ytrimaz the Chopper (level 7, -18/52 HPs)
             Began as a Formicid Fighter on Mar 23, 2023.
             Demolished by an ogre
             ... wielding a +0 giant club
              (21 damage)
             ... on level 5 of the Dungeon.
             The game lasted 00:03:58 (3538 turns).

ytrimaz the Chopper (Formicid Fighter)              Turns: 3538, Time: 00:03:58

Health: -18/52     AC:  8    Str: 23    XL:     7   Next: 53%
Magic:  30/31      EV:  9    Int:  7    God:
Gold:   223        SH:  5    Dex: 13    Spells: 6/6 levels left

rFire   + . .      SeeInvis +    a - +0 war axe
rCold   . . .      Faith    +    c - +0 buckler
rNeg    . . .      Spirit   .    b - +0 scale mail
rPois   .          Reflect  .    (helmet unavailable)
rElec   .          Rampage  .    (no cloak)
rCorr   .                        h - +0 pair of gloves
Will    .....                    (no boots) Stlth
                                 o
                                   - Hermit's Pendant {Faith Invo=14 Evo=0 MP+5}
HPRegen 0.28/turn                d - ring of protection from fire
MPRegen 0.22/turn                q - ring of magical power

@: no status effects
A: permanent stasis, dig shafts and tunnels, antennae 3, four strong arms
a: Dig, Shaft Self


You were on level 5 of the Dungeon.
You visited 1 branch of the dungeon, and saw 5 of its levels.
You also visited: Sewer.

You collected 223 gold pieces.


Innate Abilities, Weirdness & Mutations

You cannot be hasted, slowed, berserked, paralysed or teleported.
You can dig through walls and to a lower floor.
You have a pair of large antennae on your head. (SInv)
Your four strong arms can wield two-handed weapons with a shield.


   Skills:
 - Level 3.2 Fighting
 + Level 7.8 Axes
 - Level 3.2 Armour
 - Level 4.0 Shields


You had 6 spell levels left.
You didn't know any spells.
Your spell library contained the following spells:

 Spells                   Type           Power      Damage    Failure   Level
 Freeze                   Ice            0%         1d3       82%         1
 Magic Dart               Conj           0%         1d3       82%         1
 Searing Ray              Conj           0%         2d4       91%         2
 Frozen Ramparts          Ice            0%         1d1       99%         3
 Hailstorm                Conj/Ice       0%         3d3       99%         3
 Fulminant Prism          Conj/Hex       0%         3d5       100%        4

Inventory:

Hand Weapons
 a - a +0 war axe (weapon)
Armour
 b - a +0 scale mail (worn)
 c - a +0 buckler (worn)
 h - a +0 pair of gloves (worn)
   (You found it on level 1 of the Dungeon)
Jewellery
 d - a ring of protection from fire (left hand)
   (You found it on level 2 of the Dungeon)
 o - the Hermit's Pendant (around neck) {Faith Invo=14 Evo=0 MP+5}
   (You found it on level 3 of the Dungeon)

   [amulet of faith]

   Invo=14: It sets your Invocations skill to 14.
   Evo=0: It sets your Evocations skill to 0.
   It allows you to gain divine favour quickly.
   MP:        It affects your magic capacity (+5).
 q - a ring of magical power (right hand)
   (You found it on level 4 of the Dungeon)
Scrolls
 i - a scroll of identify {unknown}
 j - a scroll of teleportation {unknown}
 m - a scroll of fog {unknown}
 n - a scroll of immolation {unknown}
 r - a scroll of blinking {unknown}
 s - a scroll of noise {unknown}
Potions
 e - a potion of lignification {unknown}
 f - 4 potions of curing
 g - 5 potions of flight
 k - a potion of mutation {unknown}
 l - 2 potions of berserk rage {unknown}
 p - 2 potions of heal wounds {unknown}

Dungeon Overview and Level Annotations

Branches:
Dungeon (5/15) Zot: 26553   Sewer (visited)
 Temple: D:4-7

Altars:

Shops:
D:1

( ########....#
#...........#
#.######....#
####'#.(.......#
#......###.....######
#......###.....#....####
#......#...#'###.......#
#......#.......'†.......
#......#..@...##.......#
#......##O..>###.......#
#............# #####...#
#.....######.# ..# #..
.# #..# # #..# ..


You could see an ogre.


Message History

Can't find anything matching that.
You see here 3 silver boomerangs.
You open the door.
There is an open door here.
Key pressed, stopping explore.
You open the door.
There is an open door here.
You open the door.
An iguana comes into view.
The iguana hisses angrily.
An iguana is nearby!
An iguana is nearby!
There is an open door here.
You slash the iguana! The iguana barely misses you.
You slash the iguana! The iguana bites you! 😕 HP[-10]
You take 10 damage, and now have 42/52 hp.
You slash the iguana!
You kill the iguana! 😕 HP[+1] No target in view!
Unknown command.
You see here an iguana corpse.
No target in view!
You sense a monster nearby. 😕 HP[+1]
An ogre comes into view. It is wielding a +0 giant club.
An ogre is nearby!
You start putting on your amulet.
You continue putting on the Hermit's Pendant {Faith Invo=14 Evo=0 MP+5}.
The ogre shouts!
You continue putting on the Hermit's Pendant {Faith Invo=14 Evo=0 MP+5}.
Keep equipping yourself? [Y]es or [N]o only, please.
Keep equipping yourself?
Uppercase [Y]es or [N]o only, please.
Keep equipping yourself? [Y]es or [N]o only, please.
Keep equipping yourself?
You continue putting on the Hermit's Pendant {Faith Invo=14 Evo=0 MP+5}.
The hound barks!
You continue putting on the Hermit's Pendant {Faith Invo=14 Evo=0 MP+5}. x2
You finish putting on the Hermit's Pendant {Faith Invo=14 Evo=0 MP+5}.
You feel a strange surge of divine interest.
o - the Hermit's Pendant (around neck) {Faith Invo=14 Evo=0 MP+5} 😕 HP[+1] Unknown command.
Unknown command.
There is an open door here. 😕 HP[+1] 😕 HP[+1] 😕 MP[+1]
The hound closely misses you.
There is a stone staircase leading up here.
The hound bites you but does no damage.
You climb upwards.
There is a stone staircase leading down here. 😕 HP[+1] Unknown command.
You slash the hound! The hound bites you but does no damage.
The hound bites you. 😕 HP[-4] MP[+1]
You take 4 damage, and now have 44/52 hp.
You closely miss the hound. You block the hound's attack.
You closely miss the hound.
The hound bites you but does no damage. x2 😕 HP[+1]
You closely miss the hound. The hound bites you but does no damage.
The hound misses you. 😕 MP[+1]
You slash the hound!
You kill the hound!
Unknown command. 😕 HP[+1]
You start resting. 😎 HP[+6] MP[+5]
Your hp is fully restored (52).
You regained 5 mp, and now have 24/31 mp.
There is a stone staircase leading down here.
Unknown command.
You start resting.
Unknown command. 😎 MP[+4]
You regained 4 mp, and now have 28/31 mp.
You climb downwards.
The ogre hits you with a +0 giant club!!
Ouch! That really hurt!
* * * LOW HITPOINT WARNING * * *
There is a stone staircase leading up, spattered with blood here. 😨 HP[-26] MP[+1]
You take 26 damage, and now have 26/52 hp.
MASSIVE DAMAGE!! (PAUSE)
You slash the ogre!
The ogre hits you with a +0 giant club!!
* * * LOW HITPOINT WARNING * * *
😱 HP[-23]
You take 23 damage, and now have 3/52 hp.
MASSIVE DAMAGE!! (PAUSE)
You hit the ogre.
The ogre hits you with a +0 giant club!!
You die...

Skill      XL: |  1  2  3  4  5  6  7 |
---------------+----------------------+-----
Axes           | 3 4 6 7 |  7.8
Fighting       | |  3.2
Armour         | |  3.2
Shields        | |  4.0

Action                     |  1- 3 |  4- 6 |  7- 9 || total
---------------------------+-------+-------+-------++-------
  Melee: War axe           |   101 |    80 |    75 ||   256
    Use: Scroll            |     1 |       |       ||     1
         Potion            |       |     1 |       ||     1
 Armour: Scale mail        |    40 |    42 |    33 ||   115
  Dodge: Dodged            |    50 |    41 |    27 ||   118
  Block: Buckler           |    24 |    30 |    22 ||    76

Levels and vault maps discovered:
D:1:      onia_arrival_mini_maze, layout_basic, serial_shops,
          nicolae_shop_waterfront
D:2:      layout_basic, minmay_gold_behind_fungi, uniq_sigmund
D:3:      layout_rooms, cheibrodos_sewer_entry_drain,
          hellmonk_guarded_unrand_hermit
D:4:      cheibrodos_quashed, layout_rooms, serial_bayou, serial_bayou_pond_e,
          serial_bayou_ford_a, serial_bayou_pond_c, serial_bayou_crossing,
          kennysheep_crisscross, uniq_robin
D:5:      layout_basic, serial_shops, nicolae_lakefront_shop, roderic_batcave

Notes
Turn   | Place    | Note
-------+----------+-------------------------------------------
     0 | D:1      | ytrimaz the Formicid Fighter began the quest for the Orb.
     0 | D:1      | Reached XP level 1. HP: 18/18 MP: 1/1
     0 | D:1      | magus.rc [v1.9.6]
   128 | D:1      | Reached XP level 2. HP: 24/24 MP: 2/2
   350 | D:1      | Reached skill level 3 in Axes
   487 | D:1      | Found Irran's Antique Weapon Boutique.
   612 | D:1      | Reached XP level 3. HP: 21/29 MP: 3/3
   648 | D:1      | You pick up a book of Frost and begin reading...
   648 | D:1      | You add the spells Freeze, Frozen Ramparts and Hailstorm to
                  | your library.
  1259 | D:2      | Reached skill level 4 in Axes
  1259 | D:2      | Reached XP level 4. HP: 20/35 MP: 4/4
  1370 | D:2      | Noticed Sigmund
  1382 | D:2      | Killed Sigmund
  1383 | D:2      | Reached skill level 6 in Axes
  1383 | D:2      | Reached XP level 5. HP: 36/41 MP: 5/5
  1383 | D:2      | Reached XP level 6. HP: 41/47 MP: 6/6
  1783 | D:3      | Found a glowing drain.
  1807 | Sewer    | Entered a sewer
  1943 | Sewer    | Found a white marble altar of Elyvilon.
  2163 | D:3      | Reached XP level 7. HP: 36/52 MP: 7/7
  2338 | D:3      | Reached skill level 7 in Axes
  2495 | D:3      | Found a faded altar of an unknown god.
  2495 | D:3      | Found the Hermit's Pendant {Faith Invo=14 Evo=0 MP+5}
  2640 | D:4      | You pick up a book of Conjurations and begin reading...
  2640 | D:4      | You add the spells Magic Dart, Searing Ray and Fulminant
                  | Prism to your library.
  2844 | D:4      | Identified the +0 helmet "Ifeoral" {rElec Int+2 Dex+4}
  2844 | D:4      | Noticed Robin
  2865 | D:4      | Killed Robin
  3434 | D:5      | Entered Level 5 of the Dungeon
  3537 | D:5      | HP: 3/52 [ogre/+0 giant club (24)]
  3538 | D:5      | Demolished by an ogre

Vanquished Creatures
  Sigmund (D:2)
  A kobold brigand (Sewer)
  A hound (D:4)
  A jelly (D:4)
  2 iguanas
  Robin (D:4)
  3 gnolls (D:3)
  5 adders
  A river rat (Sewer)
  2 worms
  A dart slug (D:3)
  An orc (D:3)
  2 bats (D:3)
  12 endoplasms
  3 giant cockroaches
  15 goblins
  6 hobgoblins
  10 jackals
  5 quokkas
  7 ball pythons
  3 frilled lizards
  8 kobolds
  8 rats
99 creatures vanquished.

Vanquished Creatures (others)
  3 fungi (D:2)
  A plant (D:4)
  6 toadstools (D:2)
10 creatures vanquished.

Grand Total: 109 creatures vanquished

Table legend:
 A = Non-vault XP
 B = Vault XP
 C = Vault XP percentage of total XP
 D = Non-vault monster count
 E = Vault monster count
 F = Vault count percentage of total count
                 A         B        C        D         E       F
            +---------+---------+-------+---------+---------+-------
      Total |     382 |     398 |  51.0 |      76 |      23 |  23.2
            +---------+---------+-------+---------+---------+-------
        D:1 |      42 |       2 |   4.5 |      25 |       2 |   7.4
        D:2 |      52 |     239 |  82.1 |      15 |       1 |   6.2
        D:3 |     128 |       6 |   4.5 |      24 |       3 |  11.1
        D:4 |     120 |      32 |  21.1 |      11 |      11 |  50.0
        D:5 |      40 |       0 |   0.0 |       1 |       0 |   0.0
      Sewer |       0 |     119 | 100.0 |       0 |       6 | 100.0
            +---------+---------+-------+---------+---------+-------

Illustrated notes

Table legend:
 A = Kills in this place as a percentage of kills in the entire game.
 B = Kills by you in this place as a percentage of kills by you in the entire game.
 C = Kills by friends in this place as a percentage of kills by friends in the entire game.
 D = Other kills in this place as a percentage of other kills in the entire game.
 E = Experience gained in this place as a percentage of experience gained in the entire game.
 F = Experience gained in this place divided by the number of levels of this place that you have seen.
                   A       B       C       D       E      F
               +-------+-------+-------+-------+-------+----------------------
         Total | 100.0 | 100.0 |   N/A |   N/A | 100.0 | 130.0
       Dungeon |  93.9 |  93.9 |   N/A |   N/A |  84.7 | 132.2
         Sewer |   6.1 |   6.1 |   N/A |   N/A |  15.3 | 119.0
               +-------+-------+-------+-------+-------+----------------------

Table legend: (Time is in decaauts)
 A = Elapsed time spent in this place.
 B = Non-inter-level travel time spent in this place.
 C = Inter-level travel time spent in this place.
 D = Time resting spent in this place.
 E = Time spent auto-exploring this place.
 F = Levels seen in this place.
 G = Mean time per level.
                   A        B        C        D        E       F      G
               +--------+--------+--------+--------+--------+-----+--------+
         Total |   3646 |   3554 |     92 |     43 |   2739 |   6 |  607.7 |
       Dungeon |   3445 |   3353 |     92 |     43 |   2578 |   5 |  689.0 |
         Sewer |    200 |    200 |      0 |      0 |    161 |   1 |  200.0 |
               +--------+--------+--------+--------+--------+-----+--------+

Top non-repeatable levels by time:
     D:1: 1108 daAuts
     D:4: 878 daAuts
     D:2: 719 daAuts
     D:3: 686 daAuts
   Sewer: 200 daAuts
     D:5: 53 daAuts
